 Dungeon Crawl Stone Soup version 0.31-a0-259-g771a54ca4b (webtiles) character file.

Game seed: 702496171154160673

77 qw the Shooter (level 4, 0/26 HPs)
             Began as a Gargoyle Hexslinger on July 13, 2023.
             Slain by a gnoll
             ... wielding a +0 spear
              (7 damage)
             ... on level 3 of the Dungeon.
             The game lasted 00:00:29 (1264 turns).

qw the Shooter (Gargoyle Hexslinger)                Turns: 1264, Time: 00:00:30

Health: 0/26       AC: 11    Str: 12    XL:     4   Next: 34%
Magic:  5/5        EV: 10    Int: 13    God:
Gold:   54         SH:  0    Dex: 14    Spells: 4/5 levels left

rFire   . . .        Y - +1 sling
rCold   . . .        (no shield)
rNeg    + . .        d - +0 ring mail
rPois   inf          (no helmet)
rElec   +            (no cloak)
rCorr   .            (no gloves)
SInv    +            h - +2 pair of boots
Will    .....        (no amulet)
Stlth   +            b - ring of see invisible
HPRegen 0.24/turn    (no ring)
MPRegen 0.09/turn

%: no passive effects
@: no status effects
A: sickness immunity, AC +3, negative energy resistance 1, electricity
resistance, torment resistance 1, petrification resistance
a: no special abilities


You were on level 3 of the Dungeon.
You visited 1 branch of the dungeon, and saw 3 of its levels.

You collected 54 gold pieces.


Innate Abilities, Weirdness & Mutations

You are immune to sickness and miasma.
Your stone body is resilient. (AC +3)
You are immune to poison.
You resist negative energy. (rN+)
You are resistant to electric shocks. (rElec)
You are resistant to unholy torment.
You are immune to petrification.


   Skills:
 - Level 2.0 Fighting
 + Level 4.0 Ranged Weapons
 - Level 1.0 Armour
 - Level 1.5 Dodging
 - Level 1.0 Spellcasting
 - Level 2.6 Hexes


You had 4 spell levels left.
You knew the following spells:

 Your Spells              Type           Power      Damage    Failure   Level
a - Slow                  Hex            28%        N/A       22%         1

Your spell library contained the following spells:

 Spells                   Type           Power      Damage    Failure   Level
 Inner Flame              Hex/Fire       4%         N/A       73%         3
 Portal Projectile        Hex/Tloc       8%         N/A       73%         3
 Cause Fear               Hex            3%         N/A       91%         4

Inventory:

Hand Weapons
 Y - a +1 sling (weapon)
Armour
 d - a +0 ring mail (worn)
 h - a +2 pair of boots (worn)
Jewellery
 b - a ring of see invisible (left hand)
Scrolls
 a - a scroll of fear {unknown}
Potions
 c - a potion of might {unknown}
 e - a potion of curing {unknown}
 f - a potion of attraction {unknown}

Dungeon Overview and Level Annotations

Branches:
Dungeon (3/15)

Altars:

Shops:
D:1 :


Message History

The sling bullet barely misses the gnoll.
The gnoll hits you from afar with a +0 spear.
You shoot a sling bullet. The sling bullet hits the gnoll.
The gnoll is moderately wounded.
The gnoll hits you but does no damage. The gnoll barely misses you.
The gnoll hits you from afar with a +0 spear.
You shoot a sling bullet. The sling bullet hits the gnoll!
You kill the gnoll!
The gnoll closely misses you. The gnoll hits you but does no damage.
The gnoll barely misses you. The gnoll hits you with a +0 whip.
Your Ranged Weapons skill increases to level 4!
You shoot a sling bullet.
The sling bullet barely misses the gnoll.
The gnoll hits you but does no damage. The gnoll hits you with a +0 whip.
You shoot a sling bullet.
The sling bullet barely misses the gnoll.
The gnoll hits you but does no damage. The gnoll hits you with a +0 whip.
You shoot a sling bullet. The sling bullet hits the gnoll.
The gnoll is heavily wounded.
The gnoll closely misses you.
The gnoll hits you from afar with a +0 spear.
The gnoll hits you but does no damage.
The gnoll hits you from afar with a +0 spear.
You shoot a sling bullet.
The sling bullet closely misses the gnoll.
The gnoll barely misses you. The gnoll closely misses you.
You shoot a sling bullet.
The sling bullet barely misses the gnoll.
The gnoll barely misses you. The gnoll hits you but does no damage.
You shoot a sling bullet. The sling bullet hits the gnoll.
The gnoll is almost dead.
The gnoll hits you but does no damage. x2; The gnoll barely misses you.
The gnoll hits you but does no damage.
You shoot a sling bullet.
The sling bullet closely misses the gnoll.
The gnoll hits you but does no damage. The gnoll hits you with a +0 whip.
You shoot a sling bullet. The sling bullet hits the gnoll.
You kill the gnoll!
The gnoll hits you from afar with a +0 spear!
You die...

#. #. #. #####.
..... ..g
...###)#####
#.....)@...#
######.###.####
...........#
###.#......#
#.#......#
#.#......#
#.#......###.
#.#..........#
#.#......#####


You could see a gnoll.

Vanquished Creatures
  3 gnolls (D:3)
  2 adders (D:2)
  A dart slug (D:1)
  2 ball pythons (D:1)
  3 bats
  6 endoplasms
  A giant cockroach (D:1)
  5 goblins
  4 hobgoblins
  3 jackals (D:2)
  A quokka (D:1)
  3 frilled lizards
  A kobold (D:3)
  A rat (D:1)
36 creatures vanquished.

Notes
Turn   | Place    | Note
-------+----------+-------------------------------------------
     0 | D:1      | qw the Gargoyle Hexslinger began the quest for the Orb.
     0 | D:1      | Reached XP level 1. HP: 12/12 MP: 2/2
     0 | D:1      | 0 ||| qw: Version: 0.3-a-52-g30416fa
     0 | D:1      | 0 ||| qw: Game counter: 6862
     0 | D:1      | 0 ||| qw: Melee chars always use a shield: true
     0 | D:1      | 0 ||| qw: God list: Okawaru
     0 | D:1      | 0 ||| qw: Allow faded altars: false
     0 | D:1      | 0 ||| qw: Do Orc after clearing Dungeon:15 true
     0 | D:1      | 0 ||| qw: Do second Lair branch before Depths: true
     0 | D:1      | 0 ||| qw: Lair rune preference: random
     0 | D:1      | 0 ||| qw: Goals: Normal
     0 | D:1      | 0 ||| PLANNING D:1-11
   163 | D:1      | Reached XP level 2. HP: 16/16 MP: 3/3
   171 | D:1      | Found a faded altar of an unknown god.
   194 | D:1      | Found Vytwap's Book Emporium.
   216 | D:1      | Reached skill level 3 in Ranged Weapons
   392 | D:1      | Reached XP level 3. HP: 21/21 MP: 4/4
   631 | D:1      | 631 ||| UPGRADING to +0 ring mail.
   641 | D:1      | 641 ||| DROPPING +0 robe.
   642 | D:1      | 642 ||| READING scroll labelled MUMOUV POAHIJ.
   643 | D:1      | 643 ||| DROPPING scroll of poison.
  1194 | D:2      | 1194 ||| UPGRADING to +2 pair of boots.
  1199 | D:2      | 1199 ||| UPGRADING to ring of see invisible.
  1200 | D:2      | 1200 ||| READING scroll labelled VOOJIV IFENK.
  1201 | D:2      | 1201 ||| READING scroll labelled BEUMMU ESIDWAUSIX.
  1227 | D:3      | Reached XP level 4. HP: 26/26 MP: 5/5
  1254 | D:3      | Reached skill level 1 in Armour
  1257 | D:3      | Reached skill level 4 in Ranged Weapons
  1259 | D:3      | HP: 6/26 [gnoll/+0 spear (2)]
  1264 | D:3      | Slain by a gnoll

Levels and vault maps discovered:
D:1:      lightli_arrival_farm, layout_basic, serial_shops,
          nicolae_shop_temple_entry_statues_fountains,
          nicolae_ecumenical_snake_handling, minmay_misc_feat_doors
D:2:      layout_rooms
D:3:      layout_basic, lemuel_tele_altar, overflow_temple_1_default,
          minmay_circle_x, uniq_grinder, uniq_robin, uniq_natasha

Skill      XL: |  1  2  3  4 |
---------------+-------------+-----
Ranged Weapons | 3 4 |  4.0
Fighting       | 2 |  2.0
Armour         | 1 |  1.0
Dodging        | |  1.5
Spellcasting   | |  1.0
Hexes          | |  2.6

Action                     |  1- 3 |  4- 6 || total
---------------------------+-------+-------++-------
   Fire: Sling             |   104 |    16 ||   120
    Use: Scroll            |     3 |       ||     3
 Armour: Robe              |     3 |       ||     3
         Ring mail         |    50 |    14 ||    64
  Dodge: Dodged            |    53 |    10 ||    63

Table legend:
 A = Non-vault XP
 B = Vault XP
 C = Vault XP percentage of total XP
 D = Non-vault monster count
 E = Vault monster count
 F = Vault count percentage of total count
                 A         B        C        D         E       F
            +---------+---------+-------+---------+---------+-------
      Total |     122 |       3 |   2.4 |      34 |       2 |   5.6
            +---------+---------+-------+---------+---------+-------
        D:1 |      32 |       3 |   8.6 |      16 |       2 |  11.1
        D:2 |      46 |       0 |   0.0 |      14 |       0 |   0.0
        D:3 |      44 |       0 |   0.0 |       4 |       0 |   0.0
            +---------+---------+-------+---------+---------+-------
